AoeStats
← Bonging Dro

Arena

508140334Analyzed
4v4 RM · 11d ago on Sep 21, 2026· 58m 28s· 8 players
Game mode
Random Map
Map size
Large (8 player)
Population
200
Speed
Normal
Resources
Standard
Victory
Conquest
Starting age
Dark Age
Ending age
Imperial Age
RankedLock teamsTeams togetherTeam positionsShared explorationLock speedFull tech treeHidden civsTurbo modeCheats
Victory
Defeat
🇲🇽 Bohemians · Mexico
751
+13
🇨🇳 Britons · China
695
+16
🇦🇷 Goths · Argentina
675
+17
🇺🇸 Burgundians · United States
622
+19
🇺🇸 Turks · United States
714
-17
🇺🇸 Britons · United States
705
-17
🇺🇸 Bohemians · United States
703
-17
🇺🇸 Persians · United States
634
-14
drtySASQUATCH69
0:32 Loom
19:38 Feudal Age
21:33 Wheelbarrow
20:47 Double-Bit Axe
20:47 Horse Collar
21:29 Gold Mining
21:33 Stone Mining
23:47 Forging
23:43 Scale Barding Armor
24:54 Bloodlines
27:54 Castle Age
27:15 Fletching
27:25 Padded Archer Armor
30:09 Bow Saw
30:18 Hand Cart
30:13 Heavy Plow
30:51 Gold Shaft Mining
30:56 Iron Casting
30:43 Chain Barding Armor
30:28 Husbandry
35:17 Bodkin Arrow
35:37 Leather Archer Armor
41:13 Imperial Age
40:54 Caravan
41:35 Ballistics
42:15 Conscription
43:07 Two-Man Saw
42:22 Guilds
41:37 Heavy Camel Rider
42:59 Plate Barding Armor
43:24 Blast Furnace
43:15 Ring Archer Armor
42:45 Bracer
43:17 Elite Janissary
46:49 Artillery
49:42 Thumb Ring
50:40 Cavalier
Scoobydoo117778
0:49 Loom
15:06 Feudal Age
16:31 Double-Bit Axe
16:29 Horse Collar
17:32 Wheelbarrow
18:02 Man-at-Arms
18:29 Arson
27:25 Castle Age
25:57 Fletching
27:51 Long Swordsman
28:33 Squires
31:01 Bow Saw
30:46 Town Watch
31:54 Bodkin Arrow
35:13 Pikeman
43:15 Imperial Age
41:20 Treadmill Crane
42:48 Chemistry
42:13 Elite Skirmisher
45:27 Houfnice
47:26 Halberdier
50:25 Two-Man Saw
Hitman4Hire24
0:29 Loom
11:41 Feudal Age
13:02 Wheelbarrow
12:14 Double-Bit Axe
12:28 Town Watch
13:44 Horse Collar
15:48 Gold Mining
22:39 Stone Mining
25:47 Castle Age
26:01 Bloodlines
29:02 Husbandry
32:13 Fletching
32:25 Scale Mail Armor
33:38 Bow Saw
35:17 Scale Barding Armor
35:09 Bodkin Arrow
35:50 Scale Barding Armor
35:26 Crossbowman
36:58 Squires
37:52 Hand Cart
37:53 Forging
39:27 Gold Shaft Mining
39:29 Stone Shaft Mining
40:05 Town Patrol
39:39 Light Cavalry
42:15 Kamandaran
42:45 Ballistics
42:38 Man-at-Arms
42:39 Pikeman
42:45 Pikeman
43:13 Gambesons
43:52 Murder Holes
44:22 Man-at-Arms
45:54 Elite Skirmisher
47:33 Thumb Ring
54:10 Imperial Age
Bonging Dro
0:28 Loom
12:28 Feudal Age
13:01 Double-Bit Axe
13:59 Wheelbarrow
13:53 Stone Mining
15:03 Horse Collar
21:38 Castle Age
23:37 Man-at-Arms
24:02 Pikeman
38:51 Hand Cart
41:10 Bow Saw
41:40 Heavy Plow
42:39 Gold Mining
43:53 Long Swordsman
44:20 Gambesons
44:36 Squires
44:22 Arson
46:27 Gold Shaft Mining
47:12 Coinage
46:44 Caravan
52:10 Yeomen
53:15 Padded Archer Armor
53:06 Fletching
53:22 Scale Mail Armor
53:35 Forging
MAC01
12:16 Feudal Age
11:44 Double-Bit Axe
12:51 Horse Collar
13:36 Heavy Plow
14:10 Bow Saw
15:26 Stone Mining
15:28 Gold Mining
16:51 Arson
27:52 Castle Age
26:34 Scale Mail Armor
26:45 Forging
27:43 Stone Shaft Mining
27:46 Gold Shaft Mining
29:01 Squires
30:36 Treadmill Crane
30:47 Guard Tower
31:18 Ballistics
31:58 Fortified Wall
32:31 Scale Barding Armor
32:28 Padded Archer Armor
32:23 Fletching
34:11 Burgundian Vineyards
37:22 Iron Casting
39:24 Chain Barding Armor
40:04 Crop Rotation
43:54 Imperial Age
44:20 Elite Coustillier
48:03 Conscription
49:38 Hoardings
48:36 Sappers
50:22 Plate Barding Armor
56:29 Blast Furnace
57:56 Flemish Revolution
retroesam
11:08 Feudal Age
15:41 Castle Age
14:35 Loom
20:51 Double-Bit Axe
34:08 Pikeman
34:49 Squires
37:45 Imperial Age
37:41 Chemistry
38:14 Town Watch
39:24 Halberdier
41:05 Fortified Wall
40:37 Horse Collar
43:30 Hussite Reforms
43:43 Block Printing
43:54 Illumination
44:39 Block Printing
45:54 Forging
45:44 Scale Mail Armor
47:13 Wheelbarrow
46:38 Town Patrol
46:44 Heavy Plow
48:19 Iron Casting
47:45 Scale Mail Armor
47:36 Fletching
47:46 Padded Archer Armor
49:10 Illumination
49:21 Theocracy
50:31 Blast Furnace
52:50 Elite Hussite Wagon
55:29 Houfnice
Bergoglio
1:58 Loom
12:04 Feudal Age
12:51 Double-Bit Axe
14:58 Horse Collar
19:37 Man-at-Arms
22:22 Castle Age
22:18 Gold Mining
23:23 Forging
23:13 Scale Mail Armor
24:58 Squires
24:18 Long Swordsman
26:07 Stone Mining
27:09 Iron Casting
26:49 Chain Mail Armor
30:39 Heavy Plow
30:52 Bow Saw
31:01 Pikeman
31:35 Town Watch
32:18 Chain Mail Armor
32:29 Caravan
33:26 Anarchy
37:38 Imperial Age
36:26 Town Patrol
37:01 Wheelbarrow
39:34 Blast Furnace
38:59 Conscription
39:06 Perfusion
40:05 Crop Rotation
40:39 Two-Man Saw
39:12 Elite Huskarl
40:47 Hand Cart
40:13 Two-Handed Swordsman
40:55 Halberdier
43:36 Champion
QJppzgya
0:28 Loom
11:37 Feudal Age
16:16 Castle Age
14:13 Double-Bit Axe
Connection lost

Rejoining the realm…

Still unreachable

The connection could not be restored.

Session expired

The server has moved on; the page needs a fresh start.